BSA
KANSAS CITY KINGS @ ST CHARLES SHEENS
06/08/2030
 
TOP OF THE 1ST
Kansas City Kings batting - Pitching for St Charles Sheens : RHP Luis Vargas
Pitching: RHP Luis Vargas
Batting: SHB Douglas Taylor 0-0: Ball
1-0: Called Strike
1-1: Ball
2-1: Fly out, F9 (Flyball, 9D)
Batting: RHB Chris Chandler 0-0: DOUBLE (Line Drive, 7LM)
Batting: RHB Toshimichi Kono 0-0: Ball
1-0: Foul Ball, location: 2F
1-1: 2-RUN HOME RUN (Flyball, 9D), Distance : 410 ft
Batting: RHB Dave Parker 0-0: Ball
1-0: Ball
2-0: Ball
3-0: Base on Balls
Batting: LHB Luis González 0-0: Ball
1-0: SINGLE (Groundball, 4D)
Dave Parker to second
Runner from 2nd tries for 3rd, SAFE, no throw
Batting: RHB Eduardo García 0-0: Ball
Wild Pitch!
Dave Parker scores
Luis González to second
1-0: Called Strike
1-1: Swinging Strike
1-2: Strikes out swinging
Batting: RHB Cy Keynes 0-0: 2-RUN HOME RUN (Flyball, 7LD), Distance : 359 ft
Batting: RHB Rafael Carreón 0-0: Foul Ball, location: 2F
0-1: Swinging Strike
0-2: Foul Ball, location: 2F
0-2: Strikes out swinging
Top of the 1st over - 5 runs, 4 hits, 0 errors, 0 left on base; Kansas City 5 - St Charles 0
BOTTOM OF THE 1ST
St Charles Sheens batting - Pitching for Kansas City Kings : LHP Keith Swanson
Pitching: LHP Keith Swanson
Batting: RHB Miguel Palácios 0-0: Foul Ball, location: 2F
0-1: Called Strike
0-2: Ball
1-2: Ball
2-2: Foul Ball, location: 2F
2-2: Foul Ball, location: 2F
2-2: Ground out 5-3 (Groundball, 56S)
Batting: LHB Larry Howard 0-0: Ball
1-0: Swinging Strike
1-1: Ball
2-1: Ball
3-1: Ground out 4-3 (Groundball, 4M)
Batting: RHB Shawn Gutiérrez 0-0: Called Strike
0-1: Ball
1-1: Called Strike
1-2: Strikes out looking
Bottom of the 1st over - 0 runs, 0 hits, 0 errors, 0 left on base; Kansas City 5 - St Charles 0
TOP OF THE 2ND
Kansas City Kings batting - Pitching for St Charles Sheens : RHP Luis Vargas
Batting: LHB Ron Crawford 0-0: Ball
1-0: Swinging Strike
1-1: Ball
2-1: Swinging Strike
2-2: Strikes out looking
Batting: SHB Douglas Taylor 0-0: Fly out, F9 (Flyball, 9S)
Batting: RHB Chris Chandler 0-0: Ball
1-0: SINGLE (Line Drive, 7S)
Batting: RHB Toshimichi Kono 0-0: Ball
Chris Chandler steals 2nd base
1-0: Swinging Strike
1-1: Swinging Strike
1-2: Strikes out looking
Top of the 2nd over - 0 runs, 1 hit, 0 errors, 1 left on base; Kansas City 5 - St Charles 0
BOTTOM OF THE 2ND
St Charles Sheens batting - Pitching for Kansas City Kings : LHP Keith Swanson
Batting: RHB Víctor Arredondo 0-0: Ball
1-0: Called Strike
1-1: Fly out, F2 (Popup, 2LF)
Batting: LHB Randy Wiggins 0-0: Ball
1-0: Ball
2-0: Fly out, F4 (Line Drive, 34)
Batting: RHB Ramón Molina 0-0: Ball
1-0: Called Strike
1-1: SINGLE (Groundball, 4) (infield hit)
Batting: RHB Glen MacDonald 0-0: Ball
1-0: Foul Ball, location: 2F
1-1: Ground out 1-3 (Groundball, 13)
Bottom of the 2nd over - 0 runs, 1 hit, 0 errors, 1 left on base; Kansas City 5 - St Charles 0
TOP OF THE 3RD
Kansas City Kings batting - Pitching for St Charles Sheens : RHP Luis Vargas
Batting: RHB Dave Parker 0-0: Ball
1-0: Called Strike
1-1: Called Strike
1-2: Ball
2-2: Ball
3-2: SINGLE (Flyball, 9LS)
Batting: LHB Luis González 0-0: Called Strike
0-1: Ball
1-1: Foul Ball, location: 2F
1-2: Foul Ball, location: 2F
1-2: Ball
2-2: Ball
3-2: Base on Balls
Dave Parker to second
Batting: RHB Eduardo García 0-0: Called Strike
0-1: Fly out, F3 (Line Drive, 34)
Lined into DP, U3 (Line Drive, 34)
Batting: RHB Cy Keynes 0-0: Foul Ball, location: 2F
0-1: Ball
1-1: Ball
2-1: 2-RUN HOME RUN (Flyball, 89XD), Distance : 440 ft
Batting: RHB Rafael Carreón 0-0: Called Strike
0-1: Ball
1-1: Ground out 5-3 (Groundball, 56)
Top of the 3rd over - 2 runs, 2 hits, 0 errors, 0 left on base; Kansas City 7 - St Charles 0
BOTTOM OF THE 3RD
St Charles Sheens batting - Pitching for Kansas City Kings : LHP Keith Swanson
Batting: RHB Sergio Pujols 0-0: Called Strike
0-1: Fly out, F8 (Flyball, 8RD)
Batting: RHB Salvador Rodríguez 0-0: Foul Ball, location: 2F
0-1: Ball
1-1: Ball
2-1: Foul Ball, location: 2F
2-2: Foul Ball, location: 2F
2-2: Strikes out swinging
Batting: RHB Miguel Palácios 0-0: Ball
1-0: Ball
2-0: Foul Ball, location: 2F
2-1: SINGLE (Groundball, 34D)
Batting: LHB Larry Howard 0-0: Ball
1-0: SINGLE (Flyball, 89S)
Miguel Palácios to second
Runner from 2nd tries for 3rd, SAFE, no throw
Batting: RHB Shawn Gutiérrez 0-0: Called Strike
0-1: Ball
1-1: Swinging Strike
1-2: Ball
2-2: Fly out, F7 (Flyball, 78D)
Bottom of the 3rd over - 0 runs, 2 hits, 0 errors, 2 left on base; Kansas City 7 - St Charles 0
TOP OF THE 4TH
Kansas City Kings batting - Pitching for St Charles Sheens : RHP Luis Vargas
Batting: LHB Ron Crawford 0-0: Called Strike
0-1: Ball
1-1: Called Strike
1-2: Ball
2-2: Strikes out swinging
Batting: SHB Douglas Taylor 0-0: SINGLE (Flyball, 8LS)
Batting: RHB Chris Chandler 0-0: Ball
1-0: SINGLE (Line Drive, 6D)
Douglas Taylor to second
Batting: RHB Toshimichi Kono 0-0: Ball
1-0: Ball
2-0: Foul Ball, location: 2F
2-1: Grounds into double play, 4-6-3 (Groundball, 4)
Top of the 4th over - 0 runs, 2 hits, 0 errors, 1 left on base; Kansas City 7 - St Charles 0
BOTTOM OF THE 4TH
St Charles Sheens batting - Pitching for Kansas City Kings : LHP Keith Swanson
Batting: RHB Víctor Arredondo 0-0: Foul Ball, location: 2F
0-1: Ground out 1-3 (Groundball, 15S)
Batting: LHB Randy Wiggins 0-0: Ball
1-0: Ball
2-0: Ball
3-0: Base on Balls
Batting: RHB Ramón Molina 0-0: Hit by Pitch
Randy Wiggins to second
Batting: RHB Glen MacDonald 0-0: Called Strike
0-1: SINGLE (Line Drive, 56)
Randy Wiggins to third
Ramón Molina to second
Batting: RHB Sergio Pujols 0-0: Ball
1-0: Grounds into double play, 6-4-3 (Groundball, 6)
Bottom of the 4th over - 0 runs, 1 hit, 0 errors, 2 left on base; Kansas City 7 - St Charles 0
TOP OF THE 5TH
Kansas City Kings batting - Pitching for St Charles Sheens : RHP Luis Vargas
Batting: RHB Dave Parker 0-0: Foul Ball, location: 2F
0-1: Ball
1-1: Ball
2-1: Ball
3-1: Base on Balls
Batting: LHB Luis González 0-0: Grounds into double play, 4-6-3 (Groundball, 34)
Batting: RHB Eduardo García 0-0: Ball
1-0: Foul Ball, location: 2F
1-1: Foul Ball, location: 2F
1-2: Foul Ball, location: 2F
1-2: Ground out 6-3 (Groundball, 6)
Top of the 5th over - 0 runs, 0 hits, 0 errors, 0 left on base; Kansas City 7 - St Charles 0
BOTTOM OF THE 5TH
St Charles Sheens batting - Pitching for Kansas City Kings : LHP Keith Swanson
Batting: RHB Salvador Rodríguez 0-0: Ball
1-0: Ball
2-0: Called Strike
2-1: Ground out 6-3 (Groundball, 6)
Batting: RHB Miguel Palácios 0-0: Ball
1-0: Ball
2-0: Called Strike
2-1: Foul Ball, location: 2F
2-2: DOUBLE (Flyball, 8RXD)
Batting: LHB Larry Howard 0-0: Ball
1-0: Called Strike
1-1: Ball
2-1: Ball
3-1: Ground out 4-3 (Groundball, 4)
Miguel Palácios to third
Batting: RHB Shawn Gutiérrez 0-0: Ball
1-0: Ball
2-0: Ball
3-0: Fly out, F8 (Flyball, 8LS)
Bottom of the 5th over - 0 runs, 1 hit, 0 errors, 1 left on base; Kansas City 7 - St Charles 0
TOP OF THE 6TH
Kansas City Kings batting - Pitching for St Charles Sheens : RHP Luis Vargas
Batting: RHB Cy Keynes 0-0: Called Strike
0-1: Ball
1-1: Ball
2-1: Called Strike
2-2: Foul Ball, location: 2F
2-2: Ball
3-2: Foul Ball, location: 2F
3-2: Base on Balls
Batting: RHB Rafael Carreón 0-0: Fly out, F8 (Flyball, 89D)
Batting: LHB Ron Crawford 0-0: Ball
1-0: Foul Ball, location: 2F
1-1: Foul Ball, location: 2F
1-2: Ball
2-2: Ball
3-2: Strikes out swinging
Batting: SHB Douglas Taylor 0-0: Reached on error, E5 (Groundball, 25)
Cy Keynes to third
Batting: RHB Chris Chandler 0-0: Called Strike
0-1: Foul Ball, location: 2F
0-2: Ground out 6-3 (Groundball, 6)
Top of the 6th over - 0 runs, 0 hits, 1 error, 2 left on base; Kansas City 7 - St Charles 0
BOTTOM OF THE 6TH
St Charles Sheens batting - Pitching for Kansas City Kings : LHP Keith Swanson
Batting: RHB Víctor Arredondo 0-0: Ball
1-0: Ball
2-0: Called Strike
2-1: SINGLE (Groundball, 56D)
Batting: LHB Randy Wiggins 0-0: Called Strike
0-1: Swinging Strike
0-2: Strikes out swinging
Víctor Arredondo steals 2nd base
Batter strikes out.
Batting: RHB Ramón Molina 0-0: Ball
1-0: Ball
2-0: SINGLE (Groundball, 56D)
Víctor Arredondo to third
Runner from 3rd tries for Home, SAFE, no throw
Batting: RHB Glen MacDonald 0-0: Called Strike
0-1: Ball
1-1: Ball
2-1: Ball
3-1: Swinging Strike
3-2: Base on Balls
Ramón Molina to second
Batting: RHB Sergio Pujols 0-0: Fly out, F8 (Flyball, 8RM)
Batting: RHB Salvador Rodríguez 0-0: Called Strike
0-1: Called Strike
0-2: Foul Ball, location: 2F
0-2: Ball
1-2: Strikes out swinging
Bottom of the 6th over - 1 run, 2 hits, 0 errors, 2 left on base; Kansas City 7 - St Charles 1
TOP OF THE 7TH
Kansas City Kings batting - Pitching for St Charles Sheens : RHP Luis Vargas
Pitching: RHP Bill Chase
Batting: RHB Toshimichi Kono 0-0: Called Strike
0-1: Foul Ball, location: 2F
0-2: Foul Ball, location: 2F
0-2: Ground out 6-3 (Groundball, 6)
Batting: RHB Dave Parker 0-0: Swinging Strike
0-1: Ball
1-1: Swinging Strike
1-2: SINGLE (Groundball, 56D)
Batting: LHB Luis González 0-0: Called Strike
0-1: Ball
1-1: Ball
2-1: Ball
3-1: Ground out 3-1 (Groundball, 3L)
Dave Parker to second
Batting: RHB Eduardo García 0-0: Foul Ball, location: 2F
0-1: Fly out, F8 (Flyball, 89D)
Top of the 7th over - 0 runs, 1 hit, 0 errors, 1 left on base; Kansas City 7 - St Charles 1
BOTTOM OF THE 7TH
St Charles Sheens batting - Pitching for Kansas City Kings : LHP Keith Swanson
Pitching: RHP Brian Hull
Batting: RHB Miguel Palácios 0-0: Called Strike
0-1: Ground out 4-3 (Groundball, 4M)
Batting: LHB Larry Howard 0-0: Called Strike
0-1: SINGLE (Line Drive, 56)
Batting: RHB Shawn Gutiérrez 0-0: Ball
1-0: Swinging Strike
1-1: Foul Ball, location: 2F
1-2: Fly out, F7 (Flyball, 78S)
Batting: RHB Víctor Arredondo 0-0: Called Strike
Larry Howard steals 2nd base
0-1: Ball
1-1: Ball
2-1: Fly out, F3 (Popup, 3F)
Bottom of the 7th over - 0 runs, 1 hit, 0 errors, 1 left on base; Kansas City 7 - St Charles 1
TOP OF THE 8TH
Kansas City Kings batting - Pitching for St Charles Sheens : RHP Bill Chase
Batting: RHB Cy Keynes 0-0: Ball
1-0: Ball
2-0: Ball
3-0: Base on Balls
Batting: RHB Rafael Carreón 0-0: Called Strike
0-1: Swinging Strike
0-2: Strikes out swinging
Batting: LHB Ron Crawford 0-0: Called Strike
0-1: Ball
1-1: Ball
2-1: Swinging Strike
2-2: Ball
3-2: Foul Ball, location: 2F
3-2: Strikes out swinging
Batting: SHB Douglas Taylor 0-0: Ball
1-0: Swinging Strike
1-1: Foul Ball, location: 2F
1-2: Strikes out swinging
Top of the 8th over - 0 runs, 0 hits, 0 errors, 1 left on base; Kansas City 7 - St Charles 1
BOTTOM OF THE 8TH
St Charles Sheens batting - Pitching for Kansas City Kings : RHP Brian Hull
Batting: LHB Randy Wiggins 0-0: Ball
1-0: Ball
2-0: Called Strike
2-1: SINGLE (Groundball, 25) (infield hit)
Batting: RHB Ramón Molina 0-0: Called Strike
0-1: Ball
1-1: Foul Ball, location: 2F
1-2: Foul Ball, location: 2F
1-2: Foul Ball, location: 2F
1-2: Ball
2-2: DOUBLE (Line Drive, 7LM)
Randy Wiggins to third
Batting: RHB Glen MacDonald 0-0: Foul Ball, location: 2F
0-1: Foul Ball, location: 2F
0-2: Foul Ball, location: 2F
0-2: Foul Ball, location: 2F
0-2: Ball
1-2: Fly out, F5 (Line Drive, 5)
Batting: RHB Sergio Pujols 0-0: Called Strike
0-1: Ball
1-1: SINGLE (Groundball, 6MS) (infield hit)
Randy Wiggins scores
Ramón Molina to third
Batting: RHB Salvador Rodríguez 0-0: Called Strike
0-1: Called Strike
0-2: Ball
1-2: Strikes out swinging
Batting: RHB Miguel Palácios 0-0: Ball
1-0: Ball
2-0: Ground out 3-1 (Groundball, 34)
Bottom of the 8th over - 1 run, 3 hits, 0 errors, 2 left on base; Kansas City 7 - St Charles 2
TOP OF THE 9TH
Kansas City Kings batting - Pitching for St Charles Sheens : RHP Bill Chase
Batting: RHB Chris Chandler 0-0: Ball
1-0: Foul Ball, location: 2F
1-1: Swinging Strike
1-2: Ball
2-2: Ground out 5-3 (Groundball, 56)
Batting: RHB Toshimichi Kono 0-0: Called Strike
0-1: Ball
1-1: Ball
2-1: Ball
3-1: Base on Balls
Batting: RHB Dave Parker 0-0: Ball
1-0: Ball
2-0: Grounds into double play, 6-4-3 (Groundball, 6)
Top of the 9th over - 0 runs, 0 hits, 0 errors, 0 left on base; Kansas City 7 - St Charles 2
BOTTOM OF THE 9TH
St Charles Sheens batting - Pitching for Kansas City Kings : RHP Brian Hull
Batting: LHB Larry Howard 0-0: Swinging Strike
0-1: Foul Ball, location: 2F
0-2: Fly out, F7 (Flyball, 7S)
Batting: RHB Shawn Gutiérrez 0-0: Called Strike
0-1: SINGLE (Groundball, 6MD)
Batting: RHB Víctor Arredondo 0-0: Foul Ball, location: 2F
0-1: Fielders Choice at 2nd, 1-6 (Groundball, 13)
Batting: LHB Randy Wiggins 0-0: Ball
1-0: Swinging Strike
1-1: Ball
2-1: Swinging Strike
2-2: Strikes out swinging
Bottom of the 9th over - 0 runs, 1 hit, 0 errors, 1 left on base; Kansas City 7 - St Charles 2
Saturday, April 7th, 2018 - OOTP Baseball 18.8 Build 76